 Dungeon Crawl Stone Soup version 0.27-a0-797-g27d10ad80f (webtiles) character file.

Game seed: 8608666235037619436

99945 tilp the Eclecticist (level 16, 0/118 HPs)
             Began as a Djinni Venom Mage on Mar 27, 2021.
             Was the Champion of Makhleb.
             Shot with an arrow by a centaur warrior (13 damage)
             ... on level 14 of the Dungeon.
             The game lasted 01:05:11 (22070 turns).

tilp the Eclecticist (Djinni Venom Mage)           Turns: 22070, Time: 01:05:12

Health: 0/118      AC: 17    Str: 11    XL:     16   Next: 26%
Gold:   1211       EV: 17    Int: 23    God:    Makhleb [******] SH:  8 Dex: 20

rFire    + + .     SeeInvis .   a - +6 demon blade (venom)
rCold    x . .     Faith    .   L - +2 buckler {rPois}
rNeg     . . .     Spirit   .   S - +3 robe "Ufiow" {Dex+3}
rPois    ∞         Reflect  .   c - +2 helmet
rElec    +         Harm     .   l - +2 cloak "Sieczumu" {Str+4}
rCorr    .         Rampage  .   W - +1 pair of gloves of the Vaults {rElec Will+ Dex+2}
Will     ++...                  (boots unavailable)
Stlth    +++.......             C - amulet of regeneration
HPRegen  1.29/turn              g - +4 ring of slaying
MPRegen  0.00/turn              i - +4 ring of protection

@: about to teleport, flying
A: fire resistance 2, cold vulnerability 1, float, innate caster, hp casting,
extra vitality 1
a: Renounce Religion, Minor Destruction, Lesser Servant of Makhleb, Major
Destruction, Greater Servant of Makhleb


You were on level 14 of the Dungeon.
You worshipped Makhleb.
Makhleb was exalted by your worship.
You visited 4 branches of the dungeon, and saw 23 of its levels.
You also visited: Gauntlet and Ice Cave.

You collected 2740 gold pieces.
You spent 1529 gold pieces at shops.

Inventory:

Hand Weapons
 a - a +6 demon blade of venom (weapon)
Missiles
 d - 6 atropa-tipped darts
 E - 53 boomerangs (quivered)
 H - 7 curare-tipped darts
 J - 12 throwing nets
Armour
 c - a +2 helmet (worn)
 e - a +2 kite shield
 l - the +2 cloak "Sieczumu" (worn) {Str+4}
   (You found it in a Gauntlet)

   It affects your strength (+4).
 D - +0 steam dragon scales
 L - a +2 buckler of poison resistance (worn)
 S - the +3 robe "Ufiow" (worn) {Dex+3}
   (You bought it in a shop on level 2 of the Orcish Mines)

   It affects your dexterity (+3).
 W - the +1 pair of gloves of the Vaults (worn) {rElec Will+ Dex+2}
   (You found it in an ice cave)

   It affects your dexterity (+2).
   It insulates you from electricity.
   It affects your willpower, your defense against some magical effects.
Magical Staves
 U - a staff of cold
Jewellery
 g - a +4 ring of slaying (left hand)
 i - a +4 ring of protection (right hand)
 r - a ring of ice
 v - a ring of wizardry
 y - a ring of protection from cold
 z - the ring "Epsuapud" {*Corrode *Drain rElec Str+6 Stlth+}
   (You found it on level 9 of the Dungeon)

   [ring of strength]

   It affects your strength (+6).
   It insulates you from electricity.
   It may corrode you when you take damage.
   It causes draining when unequipped.
   It makes you more stealthy.
 C - an amulet of regeneration (around neck)
 Z - a ring of positive energy
Wands
 b - a wand of digging (8)
 m - a wand of mindburst (15)
 I - a wand of paralysis (9)
 N - a wand of acid (5)
 R - a wand of flame (25)
 V - a wand of iceblast (33)
 Y - a wand of polymorph (14)
Scrolls
 j - a scroll of summoning
 o - 4 scrolls of enchant armour
 p - 4 scrolls of immolation
 u - 3 scrolls of teleportation
 A - 3 scrolls of identify
 B - 3 scrolls of silence
 G - a scroll of fog
Potions
 f - 8 potions of might
 h - a potion of haste
 k - 2 potions of attraction
 n - 3 potions of berserk rage
 q - 4 potions of invisibility
 s - a potion of brilliance
 t - 9 potions of curing
 w - 2 potions of ambrosia
 x - a potion of mutation
 F - a potion of resistance
 K - 2 potions of heal wounds
 P - 4 potions of lignification
Miscellaneous
 Q - a box of beasts
 T - a lightning rod (4/4)


   Skills:
 - Level 12.0 Fighting
 + Level 9.4 Long Blades
 - Level 8.0 Dodging
 - Level 6.0 Stealth
 - Level 4.0 Shields
 - Level 15.0 Spellcasting
 - Level 10.0 Invocations
 - Level 8.0 Evocations


You had 7 spell levels left.
You knew the following spells:

 Your Spells              Type           Power      Damage    Failure   Level
a - Sting                 Tmut/Pois      100%       1d8       0%          1
b - Poisonous Vapours     Pois/Air       100%       N/A       0%          2
c - Mephitic Cloud        Conj/Pois/Air  72%        N/A       1%          3
d - Ignite Poison         Fire/Tmut/Pois 72%        N/A       1%          3
e - Olgreb's Toxic Radia  Pois           72%        N/A       1%          4
f - Summon Small Mammal   Summ           100%       N/A       0%          1
g - Ensorcelled Hibernat  Hex/Ice        100%       N/A       0%          2
h - Confusing Touch       Hex            72%        N/A       1%          3
i - Portal Projectile     Hex/Tloc       100%       N/A       1%          3
j - Fireball              Conj/Fire      36%        3d15      1%          5
k - Metabolic Englaciati  Hex/Ice        36%        N/A       1%          5
l - Dispersal             Tloc           36%        N/A       1%          6
Your spell library was empty.

Dungeon Overview and Level Annotations

Branches:
Dungeon (14/15)            Temple (1/1) D:5            Lair (6/6) D:11
  Swamp (0/4) Lair:3       Spider (0/4) Lair:2        Slime (0/5) Lair:6
    Orc (2/2) D:9             Elf (0/3) Orc:2        Vaults (0/5) D:13
  IceCv (visited)         Gauntlet (visited)

Altars:
Ashenzari
Cheibriados
Dithmenos
Elyvilon
Fedhas
Gozag
Hepliaklqana
Kikubaaqudgha
Makhleb
Nemelex Xobeh
Okawaru
Qazlal
Ru
Sif Muna
Trog
Uskayaw
Vehumet
Wu Jian
Xom
Yredelemnul
Zin
The Shining One
Beogh
Jiyva

Shops:
D:7 :[=(*   Orc:2 [[![

Annotations:
D:14 Rupert; Snorg
Lair:1 3 runed translucent doors, DEFE's ghost, journeyman DjFi; Killmatronix's ghost, journeyman FoHu; melvinkitnick's ghost, novice FeAE; sastreii's ghost, novice GrFi


Innate Abilities, Weirdness & Mutations

You are immune to poison.
Your flesh is very heat resistant. (rF++)
You are vulnerable to cold. (rC-)
You float through the air rather than walking.
You learn spells naturally, not from books.
Your magical power is your life essence.
You have superior vitality. (+4 HP)


Message History

The freezing wraith barely misses you.
Okay, then.
Casting: Ignite Poison (safe; 1% risk of failure)
Confirm with . or Enter, or press ? or * to list all spells.
The freezing wraith blinks!
The manticore disappears!
The death knight disappears!
* * * LOW HITPOINT WARNING * * *
The centaur warrior wields a +0 longbow.
The centaur warrior shoots an arrow.
The arrow hits you!!
* * * LOW HITPOINT WARNING * * *
You feel much better.
The centaur warrior shoots an arrow.
The arrow misses you.
The centaur warrior shoots an arrow.
You block the arrow.
Rupert the Wild comes into view.
He is wielding a +1 battleaxe of holy wrath.
Unknown command.
Okay, then.
A boulder beetle comes into view.
Rupert shouts!
The boulder beetle leaps!
The cyclops throws a large rock.
The large rock completely misses you.
The boulder beetle moves out of view.
As you read the scroll of teleportation, it crumbles to dust.
You feel strangely unstable. The cyclops completely misses you.
You feel yourself speed up.
Your surroundings suddenly seem different.
Found 17 gold pieces.
A centaur warrior comes into view.
The centaur warrior shouts!
Snorg the Insatiable comes into view.
The centaur warrior wields a +0 longbow.
The centaur warrior shoots an arrow.
The arrow hits you!
* * * LOW HITPOINT WARNING * * *
As you read the scroll of teleportation, it crumbles to dust.
You feel strangely unstable.
You feel much better.
The centaur warrior shoots an arrow.
The arrow hits you!
* * * LOW HITPOINT WARNING * * *
The centaur warrior shoots an arrow.
The arrow hits you!!
* * * LOW HITPOINT WARNING * * *
You hear a shout!
Unknown command.
The centaur warrior shoots an arrow.
The arrow hits you!
You die...

......≈≈≈ #.... ##
...#..≈≈≈. #..## .## #
......≈≈≈$. ##..## ..#.###
......≈≈≈...#....##.......
.......⌠............#.....
.............#........##.
...................c.....#
..................#......#
.......^........@####....#
...................# .c..#
##...............### ....
...............### ...
..####.......#.# .T.
...)###.....###
...........# ...........
.........


You could see a centaur warrior.

Vanquished Creatures
  Saint Roka (Orc:2)
  Jorgrun (Orc:2)
  Gastronok (D:12)
  Kirke (D:12)
  6 dire elephants (Lair:6)
  A minotaur (Gauntlet)
  Josephine (Orc:1)
  A blizzard demon (Gauntlet)
  The ghost of ma3 the Thaumaturge, a journeyman DjAE of Makhleb (D:9)
  A boulder beetle (D:11)
  An ogre mage (D:13)
  8 hydras
  An anaconda (Lair:6)
  2 catoblepae
  A centaur warrior (D:14)
  5 two-headed ogres
  Urug (D:10)
  Sonja (Lair:1)
  2 skeletal warriors (D:14)
  A deep elf pyromancer (D:13)
  A necromancer (IceCv)
  An orc sorcerer (Orc:2)
  5 oklob plants
  2 ugly things (D:13)
  A cyclops (D:12)
  An orc knight (Orc:2)
  A wolf spider (Lair:2)
  Maurice (Orc:2)
  An ice statue (IceCv)
  14 elephants
  4 gargoyles
  4 black mambas
  14 cane toads
  2 unseen horrors (D:12)
  2 kobold demonologists (D:10)
  4 rime drakes
  6 komodo dragons
  11 freezing wraiths
  2 ice devils (D:12)
  A wolf spider simulacrum (IceCv)
  4 polar bears
  A hornet (shapeshifter) (D:12)
  8 trolls
  2 jumping spiders (Lair:2)
  A hornet (D:9)
  14 dream sheep (Lair:5)
  A raiju (shapeshifter) (D:14)
  5 blink frogs (Lair:4)
  3 slime creatures (D:13)
  2 shadows (D:12)
  2 vampires
  9 centaur simulacra
  A redback (Lair:2)
  A spriggan (Lair:2)
  6 wraiths
  5 wyverns
  23 yaks
  3 hogs (D:12)
  4 steam dragons
  4 wargs
  3 death yak simulacra (IceCv)
  3 swamp worms (Gauntlet)
  21 water moccasins
  3 black bears
  A meliai simulacrum (D:9)
  39 orc warriors
  10 ice beasts
  A necrophage (D:4)
  An ogre (Orc:2)
  41 wolves
  14 centaurs
  4 kobold brigands
  11 bullfrogs
  2 gnoll sergeants (D:9)
  A wyvern zombie (D:7)
  2 scorpions
  A water moccasin skeleton (D:5)
  2 killer bees (D:5)
  8 howler monkeys
  An electric eel (D:12)
  7 centaur zombies
  4 draconian simulacra (IceCv)
  10 hounds
  An iron imp (D:9)
  18 orc priests
  A centaur skeleton (D:7)
  2 gnoll shamans
  A jelly (D:6)
  3 iguanas
  18 orc wizards
  7 hell rats (Lair:6)
  3 troll simulacra (IceCv)
  A spriggan simulacrum (IceCv)
  A killer bee zombie (D:6)
  2 hound skeletons
  2 howler monkey zombies
  26 gnolls
  5 naga simulacra (IceCv)
  5 adders
  2 ogre simulacra (IceCv)
  16 white imps
  2 ufetubi
  A worm (D:2)
  3 dart slugs
  72 orcs
  5 ball pythons
  4 bats
  2 endoplasms
  3 giant cockroaches
  3 goblins
  9 hobgoblins
  8 jackals
  24 kobolds
  4 quokkas
  2 goblin skeletons (D:9)
  A goblin zombie (D:9)
  A hobgoblin zombie (D:9)
  2 orc skeletons (D:9)
  4 orc zombies (D:9)
  6 rats
675 creatures vanquished.

Vanquished Creatures (collateral kills)
  2 orc warriors (Orc:2)
  An orc (Orc:2)
3 creatures vanquished.

Vanquished Creatures (others)
  A raiju (Gauntlet)
  A kobold brigand (D:8)
  An orc (Orc:2)
  10 fungi
  24 plants
37 creatures vanquished.

Grand Total: 715 creatures vanquished

Notes
Turn   | Place    | Note
-------+----------+-------------------------------------------
     0 | D:1      | tilp the Djinni Venom Mage began the quest for the Orb.
     0 | D:1      | Reached XP level 1. HP: 15/15 MP: 0/0
   303 | D:1      | Reached skill level 3 in Spellcasting
   513 | D:1      | Reached XP level 2. HP: 17/21 MP: 0/0
  1516 | D:2      | Reached XP level 3. HP: 23/25 MP: 0/0
  1516 | D:2      | Learned a level 1 spell: Summon Small Mammal
  2035 | D:2      | Reached skill level 4 in Spellcasting
  2035 | D:2      | Reached XP level 4. HP: 23/31 MP: 0/0
  3057 | D:3      | Found a glowing silver altar of Zin.
  3248 | D:4      | Reached XP level 5. HP: 11/35 MP: 0/0
  3248 | D:4      | Learned a level 2 spell: Ensorcelled Hibernation
  3514 | D:4      | Reached skill level 5 in Spellcasting
  3937 | D:4      | Reached XP level 6. HP: 32/40 MP: 0/0
  4041 | D:4      | Found a bloodstained altar of Trog.
  4230 | D:4      | Noticed a black bear
  4236 | D:4      | Killed a black bear
  4237 | D:4      | Reached skill level 6 in Spellcasting
  4310 | D:4      | Noticed a water moccasin
  4315 | D:4      | Killed a water moccasin
  4316 | D:4      | Reached skill level 1 in Evocations
  4316 | D:4      | Reached XP level 7. HP: 28/49 MP: 0/0
  4316 | D:4      | Learned a level 3 spell: Confusing Touch
  4663 | D:4      | Found a basalt altar of Yredelemnul.
  4743 | D:5      | Entered Level 5 of the Dungeon
  5325 | D:5      | Reached XP level 8. HP: 25/56 MP: 0/0
  5657 | D:5      | Found a staircase to the Ecumenical Temple.
  5668 | Temple   | Entered the Ecumenical Temple
  5889 | Temple   | Became a worshipper of Makhleb the Destroyer
  5976 | D:5      | Found a shadowy altar of Dithmenos.
  5978 | D:5      | Noticed a troll
  5981 | D:5      | Found a transporter.
  5982 | D:5      | Noticed a two-headed ogre
  6026 | D:5      | Found a transporter.
  6348 | D:6      | Reached skill level 7 in Spellcasting
  6617 | D:6      | Found a hide-covered altar of Uskayaw.
  6771 | D:6      | Reached * piety under Makhleb
  7004 | D:7      | Found Pimn's Weapon Emporium.
  7006 | D:7      | Found Gozag's Platinum Reserve.
  7007 | D:7      | Found an opulent altar of Gozag.
  7026 | D:7      | Reached skill level 8 in Spellcasting
  7064 | D:7      | Reached skill level 1 in Invocations
  7065 | D:7      | Reached XP level 9. HP: 57/62 MP: 0/0
  7065 | D:7      | Learned a level 3 spell: Portal Projectile
  7301 | D:7      | Found Xarutiwu's Jewellery Emporium.
  7553 | D:7      | Found Faivaplo's Antique Armour Emporium.
  7593 | D:7      | Found Uleasuk's Book Shoppe.
  7756 | D:7      | Bought an amulet of regeneration for 420 gold pieces
  8029 | D:8      | Reached skill level 5 in Evocations
  8057 | D:8      | Found an ornate altar of the Wu Jian Council.
  8123 | D:8      | Found a stormy altar of Qazlal.
  8141 | D:8      | Reached ** piety under Makhleb
  8229 | D:8      | Reached skill level 5 in Invocations
  8362 | D:8      | Found an iron altar of Okawaru.
  8507 | D:8      | Found a sacrificial altar of Ru.
  8569 | D:9      | Noticed a hornet
  8571 | D:9      | Killed a hornet
  8674 | D:9      | Reached XP level 10. HP: 66/69 MP: 0/0
  8785 | D:9      | Found a glowing golden altar of the Shining One.
  8790 | D:9      | Reached skill level 5 in Fighting
  8890 | D:9      | Reached *** piety under Makhleb
  8965 | D:9      | Found a runed translucent gate.
  8966 | D:9      | Found a runed translucent gate.
  8967 | D:9      | Found a runed translucent gate.
  8967 | D:9      | Noticed ma3's ghost (journeyman DjAE)
  9042 | D:9      | Found a white marble altar of Elyvilon.
  9100 | D:9      | Found a staircase to the Orcish Mines.
  9407 | D:8      | Identified the +8 hand axe of the Doomed Warrior
                  | {antimagic, MP+9}
  9485 | D:7      | Bought a glowing buckler for 225 gold pieces
  9485 | D:7      | Reached skill level 5 in Stealth
  9485 | D:7      | Reached XP level 11. HP: 79/79 MP: 0/0
  9485 | D:7      | Learned a level 5 spell: Fireball
  9486 | D:7      | Reached skill level 10 in Spellcasting
  9486 | D:7      | Reached XP level 12. HP: 91/91 MP: 0/0
  9569 | D:5      | Killed a two-headed ogre
  9771 | D:9      | Reached skill level 10 in Fighting
  9799 | D:9      | Killed ma3's ghost
  9807 | D:9      | Identified the ring "Epsuapud" {*Corrode *Drain rElec Str+6
                  | Stlth+}
  9840 | D:10     | Entered Level 10 of the Dungeon
  9845 | D:10     | Noticed Urug
  9851 | D:10     | Killed Urug
 10178 | D:10     | Reached **** piety under Makhleb
 10791 | D:7      | Bought a helmet for 135 gold pieces
 10879 | D:11     | Reached skill level 11 in Spellcasting
 10910 | D:11     | Found a staircase to the Lair.
 10923 | D:11     | Identified the +2 pair of boots of Makhleb {Will+ Dex+4}
 10968 | D:11     | Noticed a two-headed ogre
 10973 | D:11     | Killed a two-headed ogre
 11111 | D:11     | Found a gate leading to a gauntlet.
 11127 | D:11     | Reached XP level 13. HP: 87/96 MP: 0/0
 11127 | D:11     | Learned a level 5 spell: Metabolic Englaciation
 11129 | Gauntlet | Entered a Gauntlet
 11129 | Gauntlet | Found a transporter.
 11129 | Gauntlet | Found a transporter.
 11150 | Gauntlet | Found a transporter.
 11155 | Gauntlet | Found a runed translucent door.
 11156 | Gauntlet | Found a transporter.
 11157 | Gauntlet | Found a runed translucent door.
 11159 | Gauntlet | Found a transporter.
 11162 | Gauntlet | Found a transporter.
 11165 | Gauntlet | Noticed a blizzard demon
 11174 | Gauntlet | Found a transporter.
 11197 | Gauntlet | Found a transporter.
 11218 | Gauntlet | Found a transporter.
 11222 | Gauntlet | Found a transporter.
 11236 | Gauntlet | Found a transporter.
 11240 | Gauntlet | Found a transporter.
 11397 | Gauntlet | Killed a blizzard demon
 11405 | Gauntlet | Identified the +2 cloak "Sieczumu" {Str+4}
 11428 | Gauntlet | Noticed a minotaur
 11433 | Gauntlet | Killed a minotaur
 11434 | Gauntlet | Reached skill level 12 in Spellcasting
 11945 | Orc:1    | Entered Level 1 of the Orcish Mines
 11959 | Orc:1    | Noticed Josephine
 11969 | Orc:1    | Killed Josephine
 12135 | D:7      | Bought a glowing leather armour for 150 gold pieces
 12196 | Orc:2    | Entered Level 2 of the Orcish Mines
 12196 | Orc:2    | Found a staircase to the Elven Halls.
 12199 | Orc:2    | Reached ***** piety under Makhleb
 12204 | Orc:2    | Noticed Saint Roka
 12215 | Orc:2    | Noticed Maurice
 12383 | Orc:2    | Killed Maurice
 12531 | Orc:2    | Killed Saint Roka
 12732 | Orc:2    | Reached skill level 13 in Spellcasting
 12771 | Orc:2    | Noticed Jorgrun
 12776 | Orc:2    | Killed Jorgrun
 12777 | Orc:2    | Reached XP level 14. HP: 107/107 MP: 0/0
 12943 | Orc:2    | Found Suckod's Distillery.
 12943 | Orc:2    | Found Moit's Antique Armour Shop.
 12943 | Orc:2    | Found Ipena's Antique Armour Boutique.
 12946 | Orc:2    | Found Qasada's Antique Armour Emporium.
 13595 | Orc:2    | Bought a heavy robe for 131 gold pieces
 13595 | Orc:2    | Identified the +0 robe of Hedging {rF+ Int+4} (You bought
                  | it in a shop on level 2 of the Orcish Mines)
 13598 | Orc:2    | Bought a fine robe for 148 gold pieces
 13598 | Orc:2    | Identified the +3 robe "Ufiow" {Dex+3} (You bought it in a
                  | shop on level 2 of the Orcish Mines)
 13598 | Orc:2    | Bought a transparent robe for 148 gold pieces
 13598 | Orc:2    | Identified the +0 robe of Xerchotes {rCorr} (You bought it
                  | in a shop on level 2 of the Orcish Mines)
 13614 | Orc:2    | Bought a glowing helmet for 172 gold pieces
 13719 | D:12     | Noticed Gastronok
 13730 | D:12     | Killed Gastronok
 14050 | D:12     | Noticed Kirke
 14058 | D:12     | Noticed a sphinx
 14059 | D:12     | Killed Kirke
 14180 | D:12     | Reached skill level 14 in Spellcasting
 14313 | D:12     | Found a frozen archway.
 14327 | IceCv    | Entered an ice cave
 14333 | IceCv    | Reached ****** piety under Makhleb
 14714 | IceCv    | Identified the +1 pair of gloves of the Vaults {rElec Will+
                  | Dex+2}
 15462 | Lair:1   | Entered Level 1 of the Lair of Beasts
 15547 | Lair:1   | Found a runed translucent gate.
 15547 | Lair:1   | Found a runed translucent gate.
 15547 | Lair:1   | Found a runed translucent gate.
 15547 | Lair:1   | Noticed Killmatronix's ghost (journeyman FoHu)
 15548 | Lair:1   | Noticed sastreii's ghost (novice GrFi)
 15548 | Lair:1   | Noticed melvinkitnick's ghost (novice FeAE)
 15548 | Lair:1   | Noticed DEFE's ghost (journeyman DjFi)
 15998 | Lair:1   | Noticed Sonja
 16000 | Lair:1   | Killed Sonja
 16563 | Lair:2   | Reached skill level 15 in Spellcasting
 17172 | Lair:2   | Found a hole to the Spider Nest.
 17472 | Lair:3   | Found a staircase to the Swamp.
 17658 | Lair:3   | Reached XP level 15. HP: 112/112 MP: 0/0
 17658 | Lair:3   | Learned a level 6 spell: Dispersal
 19139 | Lair:5   | Reached skill level 10 in Invocations
 19150 | Lair:5   | Reached skill level 1 in Long Blades
 19716 | Lair:6   | Entered Level 6 of the Lair of Beasts
 19866 | Lair:6   | Found a viscous altar of Jiyva.
 19878 | Lair:6   | Found a staircase to the Slime Pits.
 20107 | Lair:6   | Reached skill level 5 in Long Blades
 20879 | Lair:6   | Reached XP level 16. HP: 104/118 MP: 0/0
 21387 | D:13     | Found a gate to the Vaults.
 22056 | D:14     | HP: 3/118 [centaur warrior/arrow (20)]
 22058 | D:14     | Noticed Rupert
 22065 | D:14     | Noticed Snorg
 22070 | D:14     | Shot with an arrow by a centaur warrior

Illustrated notes

Levels and vault maps discovered:
D:1:      evilmike_arrival_fibonacci_small, layout_basic,
          ebering_dispersal_statue_hall
D:2:      layout_rooms, amcnicky_mini_pool_small, moated_statue
D:3:      layout_basic, lemuel_crystal_altar
D:4:      layout_rooms, lemuel_coloured_pillars_altar,
          overflow_temple_1_default, kennysheep_small_square
D:5:      layout_rooms, gammafunk_temple_overflow_arena,
          minmay_temple_entry_mini_moons
D:6:      layout_rooms, eat_drink_and_be_merry_uskayaw
D:7:      layout_cave_pools, nicolae_gozag_zags_fifth_avenue, serial_shops,
          nicolae_shop_statue_plus, shop, shop, shop
D:8:      layout_basic, nicolae_ru_path_of_blood,
          nicolae_overflow_hidden_temple, nicolae_wu_jian_wuxing_cycle,
          grunt_qazlal_clouds
D:9:      layout_big_octagon, nicolae_overflow_crystal_walls,
          nicolae_tso_besieged_by_evil, orc_0_dummy, gammafunk_ghost_necromancy,
          serial_gnoll_camp, gnoll_camp_mini_doghouse, gnoll_camp_mini_basic,
          gnoll_camp_medium_02, gnoll_camp_mini_hut
D:10:     layout_long_grid, chequers_arboretum, uniq_urug
D:11:     layout_loops_cross, lair_entry_dummy, gauntlet_entry_generic
D:12:     layout_stronghold, serial_ice, serial_ice_g, serial_ice_d,
          serial_ice_o, serial_ice_l, portal_ice_cave_demonic_guard, uniq_kirke,
          uniq_gastronok
D:13:     layout_loops_ring, david_vaults_2, chequers_garden
D:14:     layout_cave_pools, minmay_staircase_bubble, serial_park_tiny_pond,
          chequers_serial_rivers_small_b, uniq_rupert, uniq_snorg
Temple:   minmay_temple_curvy_loop
Lair:1:   layout_layer_cave, gammafunk_ghost_cemetery,
          infiniplex_staircase_pool, uniq_sonja
Lair:2:   layout_small_grid, spider_nest_entry_funnel_web,
          grunt_forest_stairs_clearing, grunt_megastairs_4, serial_bayou_shore_b
Lair:3:   layout_long_grid, swamp_mist, beast_lair_carwin_2
Lair:4:   layout_gridlike, minmay_lair_oklob_chamber
Lair:5:   layout_regular_city, infiniplex_staircase_pool_2
Lair:6:   due_jungle_book, layout_gridlike, slime_altar_1, grunt_megastairs_3
Orc:1:    layout_caves, basic_altar, uniq_josephine
Orc:2:    st_orc_rangers, layout_caves, uniq_jorgrun, uniq_maurice,
          uniq_saint_roka

Skill      XL: |  1  2  3  4  5  6  7  8  9 10 11 12 13 14 15 16 |
---------------+-------------------------------------------------+-----
Spellcasting   | 3 4 5 6 8 10 11 13 15 | 15.0
Fighting       | 2 3 4 7 9 10 12 | 12.0
Stealth        | 2 5 6 |  6.0
Evocations     | 1 4 6 7 8 |  8.0
Invocations    | 1 6 7 10 | 10.0
Dodging        | 3 7 8 |  8.0
Shields        | 3 4 |  4.0
Long Blades    | 7 9 |  9.4

Action                   |  1- 3 |  4- 6 |  7- 9 | 10-12 | 13-15 | 16-18 || total
-------------------------+-------+-------+-------+-------+-------+-------++-------
Melee: Demon blade       |    20 |    13 |    44 |    61 |   324 |     8 ||   470
 Cast: Sting             |    14 |       |     4 |       |       |       ||    18
       Poisonous Vapours |    25 |    34 |    53 |    28 |    51 |     1 ||   192
       Ignite Poison     |       |     7 |    44 |    35 |   155 |     7 ||   248
       Olgreb's Toxic Ra |       |     2 |    24 |    16 |   103 |     8 ||   153
       Mephitic Cloud    |       |     1 |    13 |     9 |    18 |       ||    41
       Ensorcelled Hiber |       |       |     1 |       |       |       ||     1
       Fireball          |       |       |       |     5 |   115 |    41 ||   161
       Portal Projectile |       |       |       |     1 |     2 |       ||     3
       Summon Small Mamm |       |       |       |     1 |       |       ||     1
       Metabolic Englaci |       |       |       |       |    10 |       ||    10
       Confusing Touch   |       |       |       |       |     1 |       ||     1
       Dispersal         |       |       |       |       |     1 |     1 ||     2
Invok: Lesser Servant of |       |       |       |     1 |     4 |       ||     5
Evoke: Lightning rod     |       |       |       |       |     5 |       ||     5
       Wand              |       |       |       |       |     1 |       ||     1
  Use: Scroll            |       |     3 |     8 |    12 |     8 |     6 ||    37
       Potion            |       |       |       |     2 |     1 |     2 ||     5
 Stab: Sleeping          |       |       |     1 |       |     2 |       ||     3
       Confused          |       |       |       |     1 |       |       ||     1
       Distracted        |       |       |       |       |     2 |       ||     2
Armor: Robe              |     6 |    12 |    14 |       |   108 |     1 ||   141
       Steam dragon scal |       |       |     3 |    27 |    21 |       ||    51
Dodge: Dodged            |    12 |    12 |    49 |    67 |   292 |    13 ||   445
Block: Buckler           |       |       |       |    19 |   138 |     4 ||   161
       Rpst.: Demon blade |     2 |     4 |     9 |    16 |    82 |       ||   113

Table legend: (Time is in decaauts)
 A = Elapsed time spent in this place.
 B = Non-inter-level travel time spent in this place.
 C = Inter-level travel time spent in this place.
 D = Time resting spent in this place.
 E = Time spent auto-exploring this place.
 F = Levels seen in this place.
 G = Mean time per level.
                   A        B        C        D        E       F      G
               +--------+--------+--------+--------+--------+-----+--------+
         Total |  22207 |  20120 |   2087 |   2074 |  14360 |  25 |  888.3 |
       Dungeon |  13630 |  12206 |   1424 |   1618 |   8545 |  14 |  973.6 |
        Temple |    238 |    182 |     56 |      0 |    181 |   1 |  238.0 |
          Lair |   5794 |   5325 |    469 |    149 |   4382 |   6 |  965.7 |
  Orcish Mines |   1617 |   1480 |    137 |    276 |    854 |   2 |  808.5 |
      Ice Cave |    603 |    603 |      0 |     19 |    210 |   1 |  603.0 |
      Gauntlet |    322 |    322 |      0 |     12 |    188 |   1 |  322.0 |
               +--------+--------+--------+--------+--------+-----+--------+

Top non-repeatable levels by time:
     D:4: 1454 daAuts
     D:5: 1453 daAuts
     D:1: 1237 daAuts
  Lair:6: 1196 daAuts
    D:12: 1190 daAuts
     D:9: 1175 daAuts
     D:2: 1089 daAuts
     D:7: 1067 daAuts
  Lair:1: 1041 daAuts
  Lair:4: 1003 daAuts
     D:3: 970 daAuts
    D:10: 964 daAuts
  Lair:2: 934 daAuts
   Orc:1: 891 daAuts
  Lair:5: 890 daAuts
